Map: Frost LE

Players

Nitix

  • Race: Zerg Zerg
  • League: Master

Miszu - Winner!

  • Race: Terran Terran
  • League: Master

VOD

Have the link to the VOD?

Description

Time

  • Played on: July 3, 2016, 12:42 p.m.
  • Length: 21:07
Show
View Real Time Build Order
Export as new Build Order

Nitix Zerg 

Build Orders: Hatch First 

Get SALT Encoding   

  12  0:01  Drone  
  13  0:12  Overlord  
  13  0:17  Drone  
  14  0:30  Drone x2  
  14  0:34  Drone  
  17  0:47  Drone  
  18  0:55  Hatchery  
  17  0:57  Drone  
  17  1:00  Extractor  
  17  1:06  Drone  
  18  1:16  Spawning Pool  
  17  1:19  Drone  
  18  1:28  Drone  
  19  1:38  Overlord  
  19  1:49  Drone  
  20  2:03  Queen  
  20  2:04  Zergling x2  
  20  2:06  Zergling x2, Queen  
  20  2:08  Metabolic Boost  
  26  2:10  Drone  
  27  2:18  Drone  
  28  2:23  Drone  
  28  2:29  Drone  
  30  2:36  Drone  
  31  2:38  Queen  
  31  2:41  Overlord  
  31  2:43  Drone  
  34  2:45  Pneumatized Carapace  
  34  2:50  Drone  
  35  2:56  Drone  
  36  3:03  Drone  
  36  3:05  Drone  
  38  3:12  Hatchery  
  37  3:22  Drone x6  
  43  3:29  Overlord  
  43  3:31  Drone  
  44  3:40  Roach Warren  
  43  3:42  Extractor  
  43  3:44  Extractor  
  43  3:45  Overlord x2  
  41  3:52  Drone  
  41  3:53  Drone x2  
  41  3:55  Overlord  
  43  4:09  Drone  
  47  4:10  Drone x4  
  47  4:12  Evolution Chamber  
  47  4:21  Roach x3  
  53  4:25  Drone  
  53  4:27  Zergling x8  
  58  4:32  Queen  
  58  4:38  Zerg Ground Armor Level 1  
  60  4:44  Overlord  
  57  4:59  Zergling x4, Roach x3  
  58  5:00  Zergling x2  
  56  5:13  Lair, Spore Crawler  
  55  5:19  Drone  
  55  5:20  Drone x4  
  59  5:30  Ravager x3  
  59  5:32  Drone x2  
  63  5:44  Drone x5  
  68  5:55  Overlord x2  
  68  5:57  Drone x3  
  69  6:04  Drone  
  69  6:05  Drone x3  
  73  6:19  Drone x7  
  73  6:21  Overlord  
  80  6:34  Glial Reconstitution  
  80  6:35  Roach x4  
  80  6:38  Overlord  
  83  6:58  Roach x10  
  103  7:06  Drone x5  
  108  7:21  Ravager x4  
  112  7:24  Roach  
  112  7:26  Overlord x3  
  110  7:37  Overlord x6  
  110  7:38  Overlord  
  110  7:39  Zerg Missile Weapons Level 1  
  110  8:03  Roach x8  
  121  8:14  Overlord x2  
  121  8:18  Drone x2  
  121  8:19  Infestation Pit, Drone x2  
  123  8:20  Extractor, Drone  
  123  8:22  Drone x2  
  125  8:38  Hatchery  
  121  8:55  Extractor x2  
  119  8:56  Roach x13  
  119  8:57  Roach  
  147  9:11  Pathogen Glands  
  147  9:14  Drone x7  
  147  9:15  Drone  
  155  9:18  Extractor  
  155  9:21  Extractor  
  137  9:39  Infestor x2  
  137  9:42  Zergling x20  
  151  9:50  Drone  
  151  9:51  Drone x3  
  151  9:52  Drone x2  
  157  9:55  Ravager  
  157  9:56  Ravager x2  
  160  10:04  Queen  
  162  10:08  Hive  
  158  10:21  Spore Crawler  
  153  10:31  Roach x5  
  153  10:32  Roach x15  
  187  10:52  Queen  
  187  10:55  Drone  
  187  10:56  Drone x5  
  191  11:08  Drone x9  
  195  11:11  Infestor x2  
  195  11:16  Overseer  
  182  11:29  Overlord x3  
  182  11:31  Ravager x3  
  185  11:33  Ravager, Roach  
  185  11:34  Roach x2  
  185  11:38  Zerg Melee Weapons Level 1  
  185  11:39  Evolution Chamber  
  153  12:03  Infestor  
  153  12:04  Ultralisk Cavern, Infestor x2  
  153  12:06  Roach x7  
  153  12:07  Roach x3  
  174  12:33  Zerg Ground Armor Level 2  
  168  12:49  Queen x4  
  176  12:52  Chitinous Plating  
  176  12:53  Ultralisk x2  
  176  12:55  Ultralisk  
  164  13:18  Roach x3  
  164  13:19  Roach x8  
  151  13:27  Ravager x4  
  143  13:55  Queen  
  143  13:56  Queen x2  
  143  13:57  Queen  
  143  13:58  Drone x2  
  143  13:59  Drone x8  
  161  14:11  Spire  
  161  14:12  Zerg Melee Weapons Level 2  
  160  14:18  Overseer, Hatchery  
  155  14:47  Ultralisk  
  155  14:48  Ultralisk x4  
  184  15:13  Adrenal Glands  
  184  15:14  Zergling x10  
  184  15:15  Zergling x18  
  187  15:48  Corruptor x5  
  187  15:49  Corruptor  
  198  16:01  Zerg Ground Armor Level 3  
  184  16:53  Zergling x30  
  198  17:00  Drone x4  
  198  17:01  Drone x11  
  170  17:17  Zerg Melee Weapons Level 3  
  163  17:27  Drone  
  163  17:28  Drone x4  
  156  18:06  Spire  
  156  18:10  Hatchery  
  156  18:11  Extractor  
  153  18:12  Extractor  
  153  18:19  Infestor  
  152  18:20  Infestor x4  
  162  18:45  Spore Crawler  
  162  18:47  Spore Crawler, Hatchery  
  159  18:48  Spore Crawler  
  155  19:16  Ultralisk Cavern  
  152  19:24  Drone  
  152  19:25  Drone x9  
  104  20:04  Ultralisk x3  
  129  20:40  Extractor  
  129  20:42  Extractor  
Show
View Real Time Build Order
Export as new Build Order

Miszu Terran - Winner!

Build Orders: Reaper Expand, MMM Bio 

Get SALT Encoding   

  12  0:01  SCV  
  13  0:13  SCV  
  14  0:17  Supply Depot  
  14  0:25  SCV  
  15  0:38  SCV  
  15  0:39  Barracks  
  16  0:44  Refinery  
  16  0:50  SCV  
  17  1:02  SCV  
  18  1:14  SCV  
  19  1:26  Orbital Command  
  19  1:27  Reaper  
  20  1:41  Command Center  
  20  1:52  SCV  
  21  1:54  Supply Depot  
  21  2:00  Barracks Reactor  
  21  2:04  SCV  
  22  2:16  Refinery, SCV  
  23  2:24  Factory  
  23  2:28  SCV  
  24  2:37  Marine x2  
  24  2:41  SCV  
  27  2:53  Orbital Command  
  27  2:54  Marine  
  27  2:55  Marine  
  27  2:56  Supply Depot, SCV  
  30  3:08  Starport, Factory Reactor  
  30  3:09  SCV  
  30  3:12  Marine x2  
  33  3:22  SCV x2  
  34  3:30  Marine x2  
  34  3:34  SCV  
  37  3:38  SCV  
  38  3:46  SCV  
  39  3:50  SCV  
  39  3:51  Marine x2  
  39  3:52  Medivac x2  
  39  3:53  Widow Mine  
  48  3:58  SCV  
  48  4:00  Command Center  
  49  4:04  SCV  
  49  4:06  Supply Depot  
  50  4:10  SCV  
  50  4:12  Marine x2  
  50  4:13  Liberator  
  50  4:16  SCV  
  54  4:18  Liberator  
  54  4:20  Supply Depot  
  54  4:27  SCV  
  54  4:28  SCV  
  59  4:36  Refinery  
  59  4:37  Refinery  
  62  4:40  Factory Tech Lab  
  62  4:41  SCV x2  
  64  4:53  SCV x2  
  61  5:04  Marine x2  
  61  5:05  Siege Tank, SCV x2  
  67  5:12  Orbital Command  
  67  5:17  SCV x2  
  69  5:23  Marine x2  
  69  5:27  Engineering Bay x2  
  71  5:29  Barracks  
  71  5:30  SCV x2  
  71  5:32  Barracks  
  73  5:37  Siege Tank  
  73  5:42  SCV x2  
  76  5:48  Marine  
  76  5:49  Supply Depot, Marine  
  78  5:51  Supply Depot  
  78  5:53  Barracks  
  78  5:54  SCV x2  
  78  5:55  Barracks  
  80  6:00  Terran Infantry Weapons Level 1, Terran Infantry Armor Level 1  
  80  6:06  SCV x2  
  80  6:08  Marine  
  83  6:12  Siege Tank  
  83  6:13  Supply Depot  
  83  6:14  Supply Depot  
  83  6:18  SCV x2  
  88  6:19  Marine  
  88  6:20  Barracks Tech Lab x2  
  89  6:26  Marine  
  89  6:28  Orbital Command  
  89  6:30  Barracks, SCV x2  
  89  6:31  Barracks  
  89  6:37  Marine  
  90  6:42  SCV x2  
  92  6:53  Marine  
  84  6:54  Barracks Reactor, SCV x2  
  84  6:55  Barracks Reactor  
  84  6:56  Stimpack, Combat Shields  
  84  6:59  Marine x3  
  88  7:01  Siege Tank  
  88  7:06  SCV x3  
  94  7:11  Marine  
  95  7:17  Marine x3  
  95  7:18  Barracks Reactor x2, SCV  
  95  7:19  Armory  
  95  7:21  SCV  
  100  7:24  Medivac x2  
  100  7:25  SCV  
  100  7:29  Marine  
  106  7:31  Refinery  
  106  7:32  Marine x2  
  106  7:33  Refinery, SCV  
  106  7:35  Marine x2  
  108  7:39  Bunker  
  108  7:40  Marine  
  108  7:42  Supply Depot, Marine  
  108  7:43  Supply Depot  
  110  7:49  Barracks  
  110  7:52  Marine x3, Marauder  
  105  8:13  Marauder  
  105  8:14  SCV  
  105  8:15  SCV x2  
  105  8:17  Marine x3  
  105  8:18  Marine x7  
  120  8:26  SCV  
  121  8:30  Siege Tank  
  124  8:35  Marine x2  
  124  8:36  Supply Depot  
  124  8:37  Supply Depot x2  
  124  8:39  Barracks Tech Lab  
  116  8:49  Liberator x2  
  116  8:50  Marine  
  116  8:51  Marine x9  
  116  8:52  Terran Infantry Armor Level 2, Marine, Terran Infantry Weapons Level 2  
  116  8:53  Terran Vehicle Weapons Level 1  
  116  8:54  Concussive Shells  
  127  8:57  Marine  
  127  8:58  Marine  
  129  9:08  Marine  
  138  9:10  Marauder  
  138  9:11  Command Center  
  138  9:14  Marine x4  
  138  9:15  Marine x2  
  138  9:16  Marine  
  138  9:17  Marine x2  
  145  9:18  Marine  
  145  9:21  Siege Tank  
  141  9:31  Marine, Marauder  
  141  9:32  Marine x6  
  141  9:33  Marine  
  141  9:34  Marine  
  152  9:41  Marine x2, Marauder  
  156  9:49  Supply Depot x2, Marine  
  156  9:50  Marine x6  
  156  9:51  Marine  
  164  9:52  Supply Depot  
  164  10:02  Marine  
  165  10:10  Marine x6, Medivac x2  
  165  10:12  Supply Depot  
  165  10:13  Supply Depot  
  175  10:15  Supply Depot  
  175  10:19  Marine, Marauder  
  165  10:29  Marauder  
  165  10:33  Marine, Marauder  
  165  10:34  Marine  
  166  10:36  Marine  
  166  10:37  Marine x7  
  166  10:41  Marauder  
  176  10:50  Marauder  
  176  10:51  Marine  
  176  10:52  Marine  
  176  10:54  Marine x3, Marauder  
  182  11:01  Marine x2  
  182  11:02  Marauder  
  186  11:08  Marine x3  
  186  11:09  Marine  
  186  11:10  Marine  
  191  11:12  Marine x3, Marauder  
  191  11:15  Planetary Fortress  
  191  11:16  Marauder  
  185  11:19  Marine x2  
  187  11:31  Marine x8  
  187  11:32  Medivac  
  199  11:37  Terran Infantry Weapons Level 3, Starport, Marine  
  198  11:40  Terran Infantry Armor Level 3  
  156  12:02  Medivac x2  
  160  12:10  Marine x5, Marauder x2  
  160  12:11  Marine x6  
  175  12:21  Liberator x2  
  175  12:28  Marine x8  
  182  12:32  Medivac  
  183  12:38  Marauder  
  190  12:45  Liberator  
  190  13:03  Liberator  
  176  13:16  Marine x6, Marauder  
  152  13:21  Medivac  
  152  13:26  Marine, Marauder x2  
  163  13:27  Cyclone  
  163  13:28  Liberator  
  163  13:34  Liberator  
  157  13:37  Marauder  
  159  13:46  Liberator  
  160  13:55  Marine, Marauder  
  160  13:56  Marine  
  160  13:57  Marine x8, Marauder  
  160  13:58  Command Center  
  179  14:11  Marauder, Liberator  
  179  14:14  Marine  
  179  14:16  Liberator  
  184  14:17  Marine, Marauder  
  184  14:18  Marine x8  
  184  14:19  Marauder  
  195  14:29  Refinery  
  195  14:30  Refinery  
  194  14:31  Ghost Academy  
  194  14:32  Marine x2  
  194  14:35  Marine  
  170  14:50  Medivac  
  172  15:01  Ghost x3  
  178  15:11  Medivac  
  177  15:14  Liberator  
  177  15:16  Medivac  
  179  15:30  Ghost x2  
  179  15:31  Hellbat  
  185  15:37  Refinery x2  
  185  15:42  Ghost  
  175  15:43  Marine  
  175  15:44  Marine  
  176  16:15  Ghost  
  176  16:17  Command Center  
  178  16:31  Liberator  
  176  16:57  Planetary Fortress  
  166  17:11  Ghost  
  150  17:18  SCV x3  
  138  17:26  Ghost x2  
  128  17:36  Marine  
  128  17:37  Marine  
  124  17:52  Ghost  
  123  18:05  Ghost x2  
  123  18:09  SCV x2  
  129  18:16  Liberator  
  129  18:17  SCV x2  
  129  18:18  Liberator  
  129  18:19  Sensor Tower  
  131  18:20  Ghost  
  131  18:24  Command Center  
  133  18:34  Ghost  
  141  18:47  Ghost  
  143  18:49  Ghost  
  140  19:10  Ghost  
  140  19:16  Ghost  
  144  19:17  Ghost  
  134  19:43  Orbital Command  
  120  20:02  Ghost x2  
  124  20:16  Ghost  
  124  20:17  Marine x3  
  129  20:35  Ghost x2  
  129  20:36  Marine  
Tags
 
Add a new tag
Caveats
  • Supply blocks, unpowered buildings, or Contaminate may cause inaccurate times.
  • Supply counts are checked every 10 seconds.